Unix NetHack Version 3.7.0-62 Work-in-progress - last build Aug 7 2022 04:32:40 (f254b98e4f4e6c2f4e816e90bd3419c5233a8e5f,branch:master). Game began 2022-08-08 22:13:06, ended 2022-08-08 22:22:15. Colobot, neutral male human Wizard -------- ----------- ----- |......| |.........| ----- |...| |......| |.........-# |...| ....| |.......# |.........|# #-...| |...| -|------## |.........|# #|...| |...| # # |.........|## #|...|####..<.| # # |.........| #### #|...-# |...| # # -------.--- ###----- ----- # # # ## ## # # ## # # ##### ###### # # # # ## # # ------------.---# # -@------ # -------- # #|..............|# # ----- |.m...)| # ---------- .......| ###|>..............# ##....| |f@?%?)| ###|........| |.....*|####-.(............| |>..| |+(*?!%| #..........######........# |..............| |...| |[=$$$$| |........| |......| ---------------- ----- -------- ---------- -------- Colobot the Evoker St:7 Dx:13 Co:17 In:15 Wi:11 Ch:12 Neutral Dlvl:2 $:32 HP:0(12) Pw:1(8) AC:7 Xp:1/18 T:517 Latest messages: What do you want to drop? [$a-hj-v or ?*] You drop a blessed +1 quarterstaff. Aklavik offers 8 gold pieces for your quarterstaff. Sell it? [ynaq] (n) You sold a blessed +1 quarterstaff for 8 gold pieces. Your movements are now unencumbered. What do you want to drop? [$b-hj-v or ?*] You drop a scroll labeled XIXAXA XOXAXA XUXAXA. Aklavik offers 150 gold pieces for your scroll labeled XIXAXA XOXAXA XUXAXA. Sell it? [ynaq] (n) o - a scroll labeled XIXAXA XOXAXA XUXAXA. What do you want to call? [b-hj-moqr or ?*] What do you want to drop? [$b-hj-v or ?*] You drop a scroll labeled YUM YUM. Aklavik offers 10 gold pieces for your scroll labeled YUM YUM. Sell it? [ynaq] (n) r - a scroll labeled YUM YUM. What do you want to call? [b-hj-moqr or ?*] You see here a blessed +1 quarterstaff (for sale, 15 zorkmids). What do you want to throw? [$ or ?*] Count: 1 $ In what direction? You have established 1 zorkmid credit. What do you want to throw? [$ or ?*] Count: 1 $ In what direction? 1 zorkmid added to your credit; total is now 2 zorkmids. What do you want to throw? [$ or ?*] Count: 1 $ In what direction? 1 zorkmid added to your credit; total is now 3 zorkmids. What do you want to throw? [$ or ?*] Count: 1 $ In what direction? The gold piece misses the small mimic. 1 zorkmid added to your credit; total is now 4 zorkmids. In what direction? The spell hits the small mimic! You see here a ruby potion (for sale, 100 zorkmids). In what direction? The door resists! In what direction? The door opens. In what direction? The rock misses the small mimic. Aklavik seems uninterested. In what direction? The rock hits the small mimic. You swap places with Zofia. "Hello, Colobot! Welcome again to Aklavik's general store!" The small mimic hits! You die... Aklavik gratefully inherits all your possessions. Major events: Turn 1: Colobot the neutral male human Wizard entered the dungeon 221: entered the Gnomish Mines 517: killed by a small mimic Inventory: Weapons (')') s - an uncursed +0 orcish dagger (weapon in hand) Armor ('[') b - a blessed +2 cloak of magic resistance (being worn) Comestibles ('%') v - 2 uncursed food rations n - an uncursed lembas wafer p - 2 uncursed sprigs of wolfsbane Scrolls ('?') h - an uncursed scroll of enchant weapon r - a blessed scroll of identify o - a cursed scroll of punishment j - an uncursed scroll of teleportation q - a cursed scroll of teleportation Spellbooks ('+') l - an uncursed spellbook of detect monsters k - a blessed spellbook of force bolt Potions ('!') f - a blessed potion of booze g - 2 uncursed potions of extra healing Rings ('=') d - an uncursed ring of shock resistance e - an uncursed ring of stealth Wands ('/') c - an uncursed wand of speed monster (0:3) Tools ('(') u - an uncursed leash Gems/Stones ('*') m - an uncursed worthless piece of green glass t - 33 uncursed rocks (in quiver pouch) Colobot the Wizard's attributes: Background: You were an Evoker, a level 1 male human Wizard. You were neutral, on a mission for Thoth who was opposed by Ptah (lawful) and Anhur (chaotic). You were in the Dungeons of Doom, on level 2. You entered the dungeon 517 turns ago. It was nighttime. You had 18 experience points, 2 more were needed to attain level 2. Basics: You had 0 out of 12 hit points. You had 1 out of 8 energy points (spell power). Your armor class was 7. Your wallet contained 32 zorkmids. Autopickup was on for '$%?!"=/*', with exceptions. Final Characteristics: Your strength was 7 (limit:18/100). Your dexterity was 13 (limit:18). Your constitution was 17 (limit:18). Your intelligence was 15 (limit:18). Your wisdom was 11 (limit:18). Your charisma was 12 (limit:18). Final Status: You were not hungry. You were unencumbered. You were wielding a dagger. You were unskilled in dagger. Final Attributes: You were stridently aligned. You were magic-protected. You were warded. You were fast. You are dead. Miscellaneous: You disabled loading of bones levels. Total elapsed playing time was 9 minutes and 7 seconds. Vanquished creatures: a fox a kobold a goblin 2 newts 5 creatures vanquished. No species were genocided or became extinct. Voluntary challenges: You were an atheist. You read items or engraved 1 time. You never engraved Elbereth. You never genocided any monsters. You never polymorphed an object. You never changed form. You used no wishes. Achievements: You entered the Gnomish Mines. You entered a shop. The Dungeons of Doom: levels 1 to 3 Level 1: A fountain. Level 2: <- You were here. A general store. Stairs down to The Gnomish Mines. Final resting place for you, killed by a small mimic. Level 3: The Gnomish Mines: Level 3: Game over: ---------- / \ / REST \ / IN \ / PEACE \ / \ | Colobot | | 32 Au | | killed by a | | small mimic | | | | | | 2022 | *| * * * | * _________)/\\_//(\/(/\)/\//\/|_)_______ Goodbye Colobot the Wizard... You died in The Dungeons of Doom on dungeon level 2 with 201 points, and 32 pieces of gold, after 517 moves. You were level 1 with a maximum of 12 hit points when you died.